 Dungeon Crawl Stone Soup version 0.20-a0-983-g35de22d (webtiles) character file.

30 Larsus the Sneak (level 3, 0/16 HPs)
             Began as a Spriggan Enchanter on Apr 10, 2017.
             Succumbed to a kobold's poison
             ... on level 2 of the Dungeon.
             The game lasted 00:04:50 (1445 turns).

Larsus the Sneak (Spriggan Enchanter)               Turns: 1445, Time: 00:04:51

Health: 0/16       AC:  2    Str:  4    XL:     3   Next: 3%
Magic:  7/9        EV: 18    Int: 17    God:
Gold:   36         SH:  0    Dex: 16    Spells: 0/9 levels left

rFire    . . .     SeeInvis +   a - +1 dagger
rCold    . . .     Gourm    .   (shield restricted)
rNeg     . . .     Faith    .   b - +0 robe
rPois    .         Spirit   .   (helmet restricted)
rElec    .         Reflect  .   (no cloak)
rCorr    .         Harm     .   (gloves unavailable)
MR       .....                  (boots unavailable)
Stlth    +++.......             (no amulet)
Regen    0.1/turn               (no ring)
MPRegen  0.2/turn               (no ring)

@: lethally poisoned (0 -> -3), very quick
A: unfitting armour, see invisible, herbivore 3, speed 3, slow metabolism 2
a: no special abilities


You were on level 2 of the Dungeon.
You were completely stuffed.

You visited 1 branch of the dungeon, and saw 2 of its levels.

You collected 36 gold pieces.

Inventory:

Hand Weapons
 a - a +1 dagger (weapon)
Armour
 b - a +0 robe (worn)
Books
 c - a book of Maledictions

   Spells                             Type                      Level
   a - Corona                         Hexes                        1
   b - Ensorcelled Hibernation        Hexes/Ice                    2
   c - Confuse                        Hexes                        3
   d - Tukima's Dance                 Hexes                        3
   e - Dazzling Spray                 Conjuration/Hexes            3
Comestibles
 d - a bread ration


   Skills:
 - Level 1.1 Short Blades
 - Level 3.0 Dodging
 - Level 4.4 Stealth
 + Level 3.6 Spellcasting
 + Level 4.4 Hexes


You couldn't memorise any spells.
You knew the following spells:

 Your Spells              Type           Power        Failure   Level  Hunger
a - Ensorcelled Hibernat  Hex/Ice        ##....       12%         2    ##.....
b - Corona                Hex            ###....      2%          1    None
c - Confuse               Hex            ###.....     10%         3    ###....
d - Tukima's Dance        Hex            ###.....     10%         3    ###....


Dungeon Overview and Level Annotations

Branches:
Dungeon (2/15)

Altars:


Innate Abilities, Weirdness & Mutations

You are very small and have problems with some larger weapons.
You are too small for most types of armour.
You have supernaturally acute eyesight. (SInv)
You are a herbivore.
You cover ground extremely quickly.
You need consume almost no food.


Message History

Unknown command.
You climb downwards.
* * * LOW HITPOINT WARNING * * *
You feel sick.
Found 17 gold pieces.
There is a stone staircase leading up here.
You eat one of the 3 bread rations.
That bread ration really hit the spot!
* * * LOW HITPOINT WARNING * * *
You feel sick.
You eat one of the 2 bread rations.
That bread ration really hit the spot!
* * * LOW HITPOINT WARNING * * *
You feel sick.
A rat, a goblin and a kobold come into view.
Found a scroll labeled ODOHUM UTWUZ.
Unknown command.
You see here 17 gold pieces.
You now have 36 gold pieces (gained 17).
* * * LOW HITPOINT WARNING * * *
You feel sick.
You die...

#### ## ...? .....
.. . ... #.#.##.#.
r #K. .........
#.#g #.# #.......
#.#.###.# #.....
##.....#.#
#...###... ##...
#...#####.........
...#. #.........@#
#...##..........#
#......#######..#
#.##.### #..# #<#
#..# #.# ...# #.#
#.## #.# #.# ...


There were no monsters in sight!

Vanquished Creatures
  4 leopard geckos (D:1)
  A giant cockroach (D:1)
  A goblin (D:1)
  4 hobgoblins (D:1)
  2 jackals (D:1)
  2 kobolds (D:1)
  6 bats (D:1)
  A frilled lizard (D:1)
  3 rats (D:1)
24 creatures vanquished.

Notes
Turn   | Place    | Note
-------+----------+-------------------------------------------
     0 | D:1      | Larsus the Spriggan Enchanter began the quest for the Orb.
     0 | D:1      | Reached XP level 1. HP: 9/9 MP: 5/5
   317 | D:1      | Reached XP level 2. HP: 12/13 MP: 5/7
   321 | D:1      | Learned a level 2 spell: Ensorcelled Hibernation
  1244 | D:1      | Reached XP level 3. HP: 16/16 MP: 6/9
  1249 | D:1      | Learned a level 3 spell: Confuse
  1253 | D:1      | Learned a level 3 spell: Tukima's Dance
  1445 | D:2      | Succumbed to a kobold's poison

Vault maps used:
D:1:      onia_arrival_mini_spirals, minmay_tromino_v4_b
D:2:      overflow_temple_1_default, uniq_sigmund

Skill      XL: |  1 |
---------------+----+-----
Spellcasting   | 3 |  3.6
Hexes          | 4 |  4.4
Short Blades   | |  1.1
Dodging        | |  3.0
Stealth        | |  4.4

Action                   || total
-------------------------++-------
Melee: Dagger            ||    91
 Cast: Corona            ||    11
       Ensorcelled Hiber ||    21
  Use: Scroll            ||     1
 Stab: Sleeping          ||    15
  Eat: Bread ration      ||     2
Armor: Robe              ||    11
Dodge: Dodged            ||   102
